 Dungeon Crawl Stone Soup version 0.28.0-53-g5a82cb258f (webtiles) character file.

Game seed: 16518703914431160023

105 styxcanada the Sneak (level 4, 0/23 HPs)
             Began as a Spriggan Brigand on Aug 17, 2022.
             Slain by a giant cockroach (2 damage)
             ... on level 3 of the Dungeon.
             The game lasted 00:08:57 (2207 turns).

styxcanada the Sneak (Spriggan Brigand)             Turns: 2207, Time: 00:08:57

Health: 0/23       AC:  3    Str:  7    XL:     4   Next: 54%
Magic:  8/8        EV: 17    Int: 12    God:
Gold:   69         SH:  5    Dex: 18    Spells: 5/7 levels left

rFire   . . .      SeeInvis +   g - +1 dagger (flame)
rCold   . . .      Faith    .   (no shield)
rNeg    . . .      Spirit   .   b - +0 robe
rPois   .          Reflect  +   k - +0 hat
rElec   .          Harm     .   c - +0 cloak
rCorr   .          Rampage  .   (gloves unavailable)
Will    .....                   (boots unavailable)
Stlth   ++++......              j - amulet of reflection
HPRegen 0.07/turn               (no ring)
MPRegen 0.11/turn               (no ring)

@: very quick
A: very small, no large weapons, unfitting armour, see invisible, speed 3
a: no special abilities


You were on level 3 of the Dungeon.
You visited 1 branch of the dungeon, and saw 3 of its levels.

You collected 69 gold pieces.

Inventory:

Hand Weapons
 a - a +2 dagger
 g - a +1 dagger of flaming (weapon)
Missiles
 d - 2 poisoned darts (quivered)
 h - 28 stones
Armour
 b - a +0 robe (worn)
 c - a +0 cloak (worn)
 k - a +0 hat (worn)
Jewellery
 j - an amulet of reflection (around neck)
Wands
 p - a wand of charming (10)
Scrolls
 m - a scroll of immolation {unknown}
Potions
 f - a potion of haste {unknown}
 i - 2 potions of resistance {unknown}
 l - a potion of magic {unknown}
 n - a potion of cancellation {unknown}
 o - a potion of heal wounds {unknown}


   Skills:
 * Level 2.0 Fighting
 + Level 2.6 Short Blades
 + Level 2.3 Throwing
 * Level 1.7 Dodging
 * Level 7.1 Stealth
 * Level 2.3 Spellcasting
 * Level 0.1 Hexes
 * Level 0.2 Ice Magic


You had 5 spell levels left.
You knew the following spells:

 Your Spells              Type           Power      Damage    Failure   Level
a - Ensorcelled Hibernat  Hex/Ice        2%         N/A       36%         2

Your spell library contained the following spells:

 Spells                   Type           Power      Damage    Failure   Level
 Animate Skeleton         Necr           2%         N/A       26%         1
 Apportation              Tloc           2%         N/A       26%         1
 Summon Small Mammal      Summ           4%         N/A       26%         1
 Scorch                   Fire           2%         2d5       36%         2
 Call Canine Familiar     Summ           1%         N/A       61%         3
 Spider Form              Tmut/Pois      1%         N/A       61%         3
 Summon Guardian Golem    Hex/Summ       1%         N/A       61%         3
 Anguish                  Hex/Necr       0%         N/A       95%         4
 Flame Wave               Conj/Fire      1%         2d4       95%         4
 Summon Cactus Giant      Summ           0%         N/A       100%        6
 Orb of Destruction       Conj           0%         9d5       100%        7
 Spellforged Servitor     Conj/Summ      0%         N/A       100%        7


Dungeon Overview and Level Annotations

Branches:
Dungeon (3/15)

Altars:

Annotations:
D:3 Grinder


Innate Abilities, Weirdness & Mutations

You are very small and have problems with some larger weapons.
You are too small for most types of armour.
You have supernaturally acute eyesight. (SInv)
You cover ground extremely quickly. (Speed+++)


Message History

Grinder blinks!
You now have 69 gold pieces (gained 12).
Throw: 5 darts (poison)
Press: ? - help, Q - select action, (/) - cycle Shift-Dir - straight line, f - you Really target yourself?
Okay, then.
There are no items here.
You start resting.
Grinder is nearby!
Throw: 5 darts (poison)
Press: ? - help, Q - select action, (/) - cycle Shift-Dir - straight line, f - Grinder
Aim: Grinder (60% to hit)
You throw a poisoned dart.
The poisoned dart barely misses Grinder.
Throw: 4 darts (poison)
Press: ? - help, Q - select action, (/) - cycle Shift-Dir - straight line, f/p - Grinder
Aim: Grinder (60% to hit)
You throw a poisoned dart.
The poisoned dart barely misses Grinder.
Grinder blinks!
Throw: 3 darts (poison)
Press: ? - help, Q - select action, (/) - cycle Shift-Dir - straight line, f/p - Grinder
Aim: Grinder (60% to hit)
You throw a poisoned dart.
The poisoned dart barely misses Grinder.
An adder comes into view.
Found 7 gold pieces.
Found a forked ivory wand.
Found a stone staircase leading down.
A giant cockroach comes into view.
The helpless adder fails to defend itself.
You spit the adder like a pig!!! You burn the adder.
You kill the adder!
You see here an adder corpse.
Grinder gestures at you. Pain shoots through your body!
* * * LOW HITPOINT WARNING * * *
The giant cockroach closely misses you.
You closely miss the giant cockroach. The giant cockroach bites you.
You die...

#.#
#..#.######
#5#
#.$........
##.#####
#.5........
.......#
#..†.......
##.....#
#..........
#.....#
#.#........
#(....#
#..........
#.....#
###........
#.....#
#@>......
#.......
#B.......
#....(..
#........
#........
######### #
. .


You could see Grinder and a giant cockroach.

Vanquished Creatures
  Ijyb (D:3)
  A gnoll (D:1)
  2 adders
  3 orcs (D:3)
  5 endoplasms
  A giant cockroach (D:2)
  6 goblins
  4 hobgoblins
  A jackal (D:2)
  3 quokkas
  5 ball pythons
  3 bats
  3 frilled lizards
  7 kobolds
  5 rats
50 creatures vanquished.

Notes
Turn   | Place    | Note
-------+----------+-------------------------------------------
     0 | D:1      | styxcanada the Spriggan Brigand began the quest for the
                  | Orb.
     0 | D:1      | Reached XP level 1. HP: 10/10 MP: 2/2
    11 | D:1      | Found a faded altar of an unknown god.
    61 | D:1      | Reached skill level 6 in Stealth
   183 | D:1      | Reached XP level 2. HP: 10/15 MP: 3/3
   967 | D:1      | Reached XP level 3. HP: 18/18 MP: 4/4
  1387 | D:2      | Learned a level 2 spell: Ensorcelled Hibernation
  1578 | D:2      | Reached skill level 1 in Spellcasting
  1645 | D:2      | Reached skill level 7 in Stealth
  1986 | D:3      | Noticed Ijyb
  1988 | D:3      | Killed Ijyb
  1989 | D:3      | Reached XP level 4. HP: 23/23 MP: 5/8
  2164 | D:3      | Noticed Grinder
  2171 | D:3      | HP: 1/23 [Grinder/nerve-wracking pain (6)]
  2207 | D:3      | Slain by a giant cockroach

Illustrated notes

Levels and vault maps discovered:
D:1:      dpeg_arrival_windows_large_door, layout_basic, basic_ecumenical_altar
D:2:      layout_rooms, kennysheep_donut, minmay_box_of_dots
D:3:      layout_basic, minmay_surrounded, uniq_grinder, uniq_ijyb, uniq_sigmund

Skill      XL: |  1  2  3  4 |
---------------+-------------+-----
Stealth        | 6 7 |  7.1
Spellcasting   | 2 |  2.3
Fighting       | 2 |  2.0
Short Blades   | |  2.6
Throwing       | |  2.3
Dodging        | |  1.7
Hexes          | |  0.1
Ice Magic      | |  0.2

Action                   |  1- 3 |  4- 6 || total
-------------------------+-------+-------++-------
Melee: Dagger            |   103 |    16 ||   119
       Punch             |     2 |     1 ||     3
Throw: Dart              |     5 |    16 ||    21
 Stab: Sleeping          |    20 |     3 ||    23
       Distracted        |     1 |       ||     1
Armor: Robe              |    10 |       ||    10
Dodge: Dodged            |    46 |     8 ||    54
Block: Other             |    13 |     3 ||    16
       Reflection        |     1 |       ||     1
